 Dungeon Crawl Stone Soup version 0.22-a0-617-g6d95e9e (webtiles) character file.

4099 sking99 the Carver (level 10, 0/85 (88) HPs)
             Began as a Pale Draconian Warper on July 12, 2018.
             Was a Follower of Wu Jian.
             Slain by a two-headed ogre
             ... wielding a +0 giant club
              (16 damage)
             ... on level 9 of the Dungeon.
             The game lasted 00:17:50 (11627 turns).

sking99 the Carver (Pale Draconian Warper)         Turns: 11627, Time: 00:17:52

HP:   0/85 (88)     AC:  9    Str: 18    XL:     10   Next: 6%
MP:   13/13         EV: 10    Int: 15    God:    Wu Jian [*.....]
Gold: 464           SH:  9    Dex: 13    Spells: 5/13 levels left

rFire    + . .     SeeInvis .   a - +1 falchion
rCold    + . .     Gourm    .   C - +0 shield {rN+}
rNeg     + . .     Faith    .   (armour unavailable)
rPois    .         Spirit   .   (helmet restricted)
rElec    .         Reflect  .   B - scarf {rC+ rF+}
rCorr    .         Harm     .   e - +1 pair of gloves
MR       .....                  (no boots)
Stlth    +.........             (no amulet)
HPRegen  0.24/turn              (no ring)
MPRegen  0.13/turn              (no ring)

@: mighty, hasted, very quick
A: breathe steam, unfitting armour, cold-blooded, AC +7
a: Breathe Steam, Renounce Religion


You were on level 9 of the Dungeon.
You worshipped Wu Jian.
Wu Jian was aware of your devotion.
You were hungry.

You visited 1 branch of the dungeon, and saw 9 of its levels.

You collected 464 gold pieces.

Inventory:

Hand Weapons
 a - a +1 falchion (weapon)
Missiles
 d - 5 tomahawks of dispersal (quivered)
 y - 5 steel tomahawks
Armour
 e - a +1 pair of gloves (worn)
 q - a +0 buckler
 B - a scarf of resistance (worn)
 C - a +0 shield of positive energy (worn)
Jewellery
 b - an uncursed ring of wizardry {unknown}
 h - an uncursed ring of poison resistance {unknown}
 A - an uncursed amulet of magic regeneration {unknown}
Wands
 p - a wand of paralysis (12)
 r - a wand of clouds (8)
 w - a wand of acid (2)
 x - a wand of scattershot (4)
Scrolls
 c - 3 scrolls of blinking
 i - 4 scrolls of teleportation
 j - 5 scrolls of amnesia
 z - a scroll of enchant armour
Potions
 k - a potion of invisibility
 l - a potion of flight
 m - 3 potions of might
 n - 2 potions of agility
 o - a potion of haste
 s - a potion of cancellation
 t - a potion of curing
 v - a potion of berserk rage
 D - a potion of brilliance {unknown}
Comestibles
 f - 5 rations


   Skills:
 + Level 7.8 Fighting
 * Level 10.0 Long Blades
 - Level 0.8 Throwing
 - Level 2.1 Dodging
 + Level 4.5 Shields
 - Level 2.0 Spellcasting
 * Level 7.3 Translocations


You had 5 spell levels left.
You knew the following spells:

 Your Spells              Type           Power        Failure   Level  Hunger
a - Blink                 Tloc           N/A          6%          2    ###....
b - Shroud of Golubria    Chrm/Tloc      ##........   28%         2    ###....
c - Passage of Golubria   Tloc           N/A          38%         4    #####..

Your spell library contained the following spells:

 Spells                   Type           Power        Failure   Level  Hunger
 Confuse                  Hex            #.......     94%         3    ###....
 Teleport Other           Tloc           ###.....     12%         3    ###....
 Tukima's Dance           Hex            #.......     94%         3    ###....
 Confusing Touch          Hex            #.....       63%         1    #......
 Ensorcelled Hibernation  Hex/Ice        #.....       77%         2    ###....
 Metabolic Englaciation   Hex/Ice        #.........   100%        5    ######.
 Corona                   Hex            #......      63%         1    #......
 Petrify                  Tmut/Erth      #.......     100%        4    #####..
 Dazzling Spray           Conj/Hex       #.....       94%         3    ###....
 Gell's Gravitas          Tloc           ###.......   12%         3    ###....
 Yara's Violent Unravell  Hex/Tmut       #.........   100%        5    ######.
 Lesser Beckoning         Tloc           ###.......   12%         3    ###....


Dungeon Overview and Level Annotations

Branches:
Dungeon (9/15)             Temple (0/1) D:6             Orc (0/2) D:9
   Lair: D:8-11

Altars:
Ashenzari
Cheibriados
Dithmenos
Fedhas
Gozag
Kikubaaqudgha
Makhleb
Qazlal
Ru
Trog
Vehumet
Wu Jian
Yredelemnul
Zin

Shops:
D:7 !


Innate Abilities, Weirdness & Mutations

You can breathe blasts of scalding, opaque steam.
Your pale cyan-grey scales are hard. (AC +7)
You cannot fit into any form of body armour.
You are cold-blooded and may be slowed by cold attacks.


Message History

The two-headed ogre completely misses you.
You riposte.
You slash the two-headed ogre!
Your tail-slap misses the two-headed ogre.
The two-headed ogre is severely wounded.
The two-headed ogre closely misses you.
You closely miss the two-headed ogre.
The two-headed ogre is severely wounded.
You barely miss the two-headed ogre.
Your tail-slap misses the two-headed ogre.
The two-headed ogre is severely wounded.
The two-headed ogre hits you with a giant club!
You block the two-headed ogre's attack.
You lunge at the two-headed ogre.
You completely miss the two-headed ogre.
You tail-slap the two-headed ogre.
The two-headed ogre is severely wounded.
The two-headed ogre hits you with a giant club!
* * * LOW HITPOINT WARNING * * *
The two-headed ogre hits you with a giant spiked club!
You die...

#.# ... #.# #.#
#.# #O# #.# #.#
#.#####.#
#...O.%.# #
#.#########.#
#)#####..........#
.........@O......#
#######.########.#
#####.# #.....#
#.##### #.# #.#
#.# ######.#


You could see a two-headed ogre.

Vanquished Creatures
  Pikel (D:4)
  Grinder (D:3)
  A hippogriff (D:7)
  Sigmund (D:5)
  2 slaves
  2 ice beasts (D:8)
  3 sky beasts
  7 necrophages
  A phantom (D:7)
  An ogre (D:7)
  Blork the orc (D:4)
  2 scorpions
  11 killer bees (D:7)
  A vampire bat (D:3)
  A howler monkey (D:6)
  2 bullfrog zombies
  2 centaur zombies
  A bullfrog skeleton (D:6)
  4 hounds
  4 orc priests
  5 orc wizards
  A centaur skeleton (D:9)
  Ijyb (D:2)
  3 iguanas
  8 worker ants
  A hound zombie (D:8)
  2 worker ant zombies
  10 adders
  2 shadow imps (D:5)
  2 oozes (D:3)
  An adder skeleton (D:5)
  An adder zombie (D:6)
  A worm (D:3)
  4 dart slugs
  6 leopard geckos
  11 orcs
  A bat skeleton (D:3)
  3 bat zombies (D:3)
  A giant cockroach (D:3)
  10 goblins
  11 hobgoblins
  22 jackals
  3 quokkas
  2 ball pythons
  10 bats
  5 frilled lizards
  9 kobolds
  7 rats
192 creatures vanquished.

Vanquished Creatures (others)
  3 bushes (D:6)
  8 plants (D:6)
11 creatures vanquished.

Grand Total: 203 creatures vanquished

Notes
Turn   | Place    | Note
-------+----------+-------------------------------------------
     0 | D:1      | sking99 the Draconian Warper began the quest for the Orb.
     0 | D:1      | Reached XP level 1. HP: 17/17 MP: 3/3
    68 | D:1      | Reached XP level 2. HP: 5/25 MP: 5/5
   313 | D:1      | Learned a level 2 spell: Blink
   316 | D:1      | Learned a level 2 spell: Shroud of Golubria
   470 | D:1      | Reached skill level 3 in Long Blades
   522 | D:1      | Reached XP level 3. HP: 28/30 MP: 6/6
  1059 | D:2      | Found a blossoming altar of Fedhas.
  1196 | D:2      | Found an opulent altar of Gozag.
  1260 | D:2      | Noticed Ijyb
  1293 | D:2      | Paralysed by Ijyb for 6 turns
  1305 | D:2      | Paralysed by Ijyb for 3 turns
  1315 | D:2      | Killed Ijyb
  1315 | D:2      | Reached skill level 4 in Long Blades
  1315 | D:2      | Reached XP level 4. HP: 28/38 MP: 4/7
  2623 | D:2      | HP: 1/38 [poisoned by kobold (curare-tipped needle)]
  2965 | D:3      | Reached XP level 5. HP: 45/45 MP: 8/8
  3004 | D:3      | Paralysed by an orc for 5 turns
  3048 | D:3      | Reached skill level 1 in Shields
  3160 | D:3      | Found a radiant altar of Vehumet.
  4004 | D:3      | Found an ancient bone altar of Kikubaaqudgha.
  4137 | D:4      | Noticed Grinder
  4139 | D:4      | Found a snail-covered altar of Cheibriados.
  4139 | D:4      | Paralysed by Grinder for 4 turns
  4152 | D:3      | Paralysed by Grinder for 3 turns
  4479 | D:3      | Paralysed by Grinder for 2 turns
  4496 | D:3      | Killed Grinder
  4496 | D:3      | Reached skill level 5 in Long Blades
  4496 | D:3      | Reached XP level 6. HP: 43/53 MP: 7/9
  4522 | D:4      | Found a stormy altar of Qazlal.
  4571 | D:4      | Learned a level 4 spell: Passage of Golubria
  4763 | D:4      | Noticed a slave
  4763 | D:4      | Noticed a slave
  4763 | D:4      | Noticed a slave
  4764 | D:4      | Noticed Pikel
  4764 | D:4      | Found a sacrificial altar of Ru.
  4764 | D:4      | Noticed a slave
  4769 | D:4      | Noticed Blork the orc
  4802 | D:3      | Killed a slave
  5149 | D:4      | Killed a slave
  5434 | D:4      | Killed Blork the orc
  5434 | D:4      | Your scales start taking on a pale cyan-grey colour.
  5434 | D:4      | Reached XP level 7. HP: 11/60 MP: 7/10
  5741 | D:4      | Killed Pikel
  5741 | D:4      | Reached skill level 5 in Fighting
  5741 | D:4      | Reached skill level 6 in Long Blades
  5741 | D:4      | Reached XP level 8. HP: 21/68 MP: 11/11
  6292 | D:4      | Found an ornate altar of the Wu Jian Council.
  6482 | D:4      | Became a worshipper of the Wu Jian Council
  6554 | D:5      | Entered Level 5 of the Dungeon
  6568 | D:5      | Found a burning altar of Makhleb.
  6591 | D:5      | Reached skill level 7 in Long Blades
  6811 | D:5      | Noticed Sigmund
  6838 | D:5      | Killed Sigmund
  6838 | D:5      | Reached skill level 5 in Translocations
  6981 | D:5      | Found a glowing silver altar of Zin.
  7589 | D:6      | Found a staircase to the Ecumenical Temple.
  7627 | D:5      | Reached skill level 8 in Long Blades
  7891 | D:6      | Found a bloodstained altar of Trog.
  7965 | D:6      | Found a blossoming altar of Fedhas.
  8081 | D:6      | HP: 3/70 [poisoned by a worker ant]
  8088 | D:6      | HP: 2/70 [poisoned by a worker ant]
  8095 | D:6      | HP: 1/70 [poisoned by a worker ant]
  8103 | D:6      | HP: 1/70 [poisoned by a worker ant]
  8541 | D:6      | Reached XP level 9. HP: 42/77 MP: 12/12
  8780 | D:6      | Found a shadowy altar of Dithmenos.
  8974 | D:6      | Reached * piety under Wu Jian
  9075 | D:7      | Reached skill level 9 in Long Blades
  9385 | D:7      | Found Vyuh's Distillery.
  9431 | D:7      | Found a shattered altar of Ashenzari.
 10780 | D:8      | Reached skill level 10 in Long Blades
 10780 | D:8      | Reached XP level 10. HP: 19/85 MP: 13/13
 11299 | D:8      | Found a basalt altar of Yredelemnul.
 11517 | D:9      | Found a staircase to the Orcish Mines.
 11597 | D:9      | Noticed a two-headed ogre
 11627 | D:9      | Slain by a two-headed ogre

Vault maps used:
D:1:      dpeg_arrival_signposts
D:2:      kennysheep_the_goblin_king, lemuel_doored_altar, lemuel_round_altar,
          kennysheep_cross_room
D:3:      vehumet_crystals, kennysheep_vampire_church
D:4:      nicolae_qazlal_general_emergency, lemuel_round_altar,
          nicolae_ru_awakened_eye, kennysheep_slug_shrine, uniq_grinder,
          uniq_blork_the_orc, uniq_pikel
D:5:      nicolae_overflow_crystal_walls, zin_academy, first_ration,
          uniq_sigmund
D:6:      marbit_many_paths, grunt_dithmenos_smoke, minmay_temple_entry_glass,
          fedhas_altar_decomposition
D:7:      lemuel_crystal_altar, serial_shops, shop, minmay_misc_feat_chi
D:8:      yredelemnul_altar_generic
D:9:      orc_0_dummy

Skill      XL: |  1  2  3  4  5  6  7  8  9 |
---------------+----------------------------+-----
Long Blades    | 3 4 5 6 8 10 | 10.0
Fighting       | 3 4 5 6 7 |  7.8
Shields        | 2 3 4 |  4.5
Translocations | 4 5 7 |  7.3
Throwing       | |  0.8
Dodging        | |  2.1
Spellcasting   | |  2.0

Action                   |  1- 3 |  4- 6 |  7- 9 | 10-12 || total
-------------------------+-------+-------+-------+-------++-------
Melee: Falchion          |   170 |   304 |   515 |    44 ||  1033
       Tailslap          |    13 |    41 |    69 |     9 ||   132
 Cast: Shroud of Golubri |     7 |     7 |     2 |       ||    16
       Blink             |       |     1 |       |       ||     1
Invok: Lunge             |       |       |    25 |     9 ||    34
       Whirlwind         |       |       |    15 |     5 ||    20
 Abil: Breathe Steam     |       |       |    17 |       ||    17
Evoke: Wand              |       |     1 |       |       ||     1
  Use: Potion            |       |     4 |     1 |     2 ||     7
       Scroll            |       |     6 |     9 |       ||    15
 Stab: Paralysed         |       |    10 |       |       ||    10
       Sleeping          |       |       |     2 |     1 ||     3
       Distracted        |       |       |       |     1 ||     1
  Eat: Chunk             |     2 |     7 |     7 |     2 ||    18
       Ration            |       |     2 |     4 |       ||     6
Armor: Skin              |    65 |   115 |   178 |     7 ||   365
Dodge: Dodged            |   110 |   227 |   205 |    13 ||   555
Block: Buckler           |       |    46 |    60 |       ||   106
       Shield            |       |       |    30 |    14 ||    44
       Rpst.: Falchion   |    36 |    76 |    65 |     6 ||   183

Table legend:
 A = Spawn XP
 B = Non-spawn XP
 C = Spawn XP percentage of total XP
 D = Spawn monster count
 E = Non-spawn monster count
 F = Spawn count percentage of total count
 G = Total turns spent on level
                    A         B        C        D         E        F      G
               +---------+---------+-------+---------+---------+-------+---------
         Total |       0 |    5857 |   0.0 |       0 |     190 |   0.0 | 11627
               +---------+---------+-------+---------+---------+-------+---------
           D:1 |       0 |      71 |   0.0 |       0 |      38 |   0.0 |  1055
           D:2 |       0 |     107 |   0.0 |       0 |      28 |   0.0 |  2077
           D:3 |       0 |     511 |   0.0 |       0 |      36 |   0.0 |  2103
           D:4 |       0 |     986 |   0.0 |       0 |      14 |   0.0 |  1319
           D:5 |       0 |     840 |   0.0 |       0 |      16 |   0.0 |  1135
           D:6 |       0 |    1010 |   0.0 |       0 |      22 |   0.0 |  1421
           D:7 |       0 |    1399 |   0.0 |       0 |      23 |   0.0 |   747
           D:8 |       0 |     894 |   0.0 |       0 |      12 |   0.0 |  1641
           D:9 |       0 |      39 |   0.0 |       0 |       1 |   0.0 |   129
               +---------+---------+-------+---------+---------+-------+---------
